General information
- name: BNet
- type: Ladder team game (AT/RT)
- host: Battle.net
- saver: WesFSTGDB
map: Deadlock
- players: 8
- length: 21:13
- speed: Fast
- version: 1.25 W3XP
- replay type: Public
» download(219 KB)
Players
team 1 (winner)
WesFSTGDB (
teal | 132 APM | 2793 actions | 21:13)
6 Death Knight
3 Death Coil
2 Unholy Aura
1 Animate Dead
5 Dark Ranger
3 Black Arrow
2 Silence
» actions
| Assign group hotkey | 22 | |
| Basic commands | 859 | |
| Build / train | 65 | |
| ESC pressed | 1 | |
| Enter build submenu | 19 | |
| Enter hero's abilities submenu | 12 | |
| Right click | 889 | |
| Select / deselect | 332 | |
| Select group hotkey | 512 | |
| Use ability | 81 | |
2793 total
» units
| Acolyte | 2 | |
| Ghoul | 2 | |
| Crypt Fiend | 10 | |
| Obsidian Statue | 3 | |
| Frost Wyrm | 2 | |
19 total
» upgrades
| Creature Attack | 3 | |
| Creature Carapace | 4 | |
| Web | 1 | |
8 total
» buildings
| Graveyard | 1 | |
| Crypt | 1 | |
| Ziggurat | 5 | |
| Altar of Darkness | 3 | |
| Nerubian Tower | 2 | |
| Tomb of Relics | 1 | |
| Halls of the Dead | 1 | |
| Black Citadel | 2 | |
| Slaughterhouse | 1 | |
| Sacrificial Pit | 1 | |
| Boneyard | 2 | |
20 total
» build order
00:08 Graveyard
00:27 Crypt
00:46 Ziggurat
00:58 Altar of Darkness
01:18 Ziggurat
01:47 Altar of Darkness
01:48 Altar of Darkness
02:14 Nerubian Tower
02:14 Nerubian Tower
02:18 Tomb of Relics
04:00 Halls of the Dead
04:45 Ziggurat
08:15 Black Citadel
08:17 Slaughterhouse
08:19 Sacrificial Pit
10:15 Ziggurat
10:15 Ziggurat
12:58 Boneyard
12:58 Boneyard
» items
| Rod of Necromancy | 1 | |
| Potion of Healing | 1 | |
| Orb of Corruption | 1 | |
| Scroll of Healing | 2 | |
| Scroll of Town Portal | 1 | |
| Sacrificial Skull | 1 | |
| Dust of Appearance | 1 | |
| Scroll of Protection | 1 | |
9 total

»
Elfic_KinG (
orange | 81 APM | 1721 actions | 21:10)
5 Tauren Chieftain
3 Endurance Aura
2 Shockwave
4 Shadow Hunter
2 Hex
2 Healing Wave
» actions
| Assign group hotkey | 68 | |
| Basic commands | 34 | |
| Build / train | 64 | |
| ESC pressed | 1 | |
| Enter build submenu | 15 | |
| Enter hero's abilities submenu | 9 | |
| Give item / drop item | 2 | |
| Remove unit from queue | 1 | |
| Right click | 747 | |
| Select / deselect | 185 | |
| Select group hotkey | 529 | |
| Use ability | 66 | |
1721 total
» units
| Peon | 7 | |
| Grunt | 13 | |
| Raider | 6 | |
| Spirit Walker | 4 | |
| Kodo Beast | 2 | |
32 total
» upgrades
| Pillage | 1 | |
| Melee Weapons | 3 | |
| Armor | 3 | |
| Berserker Strength | 1 | |
| Ensnare | 1 | |
| Spirit Walker Training | 2 | |
| War Drums Damage Increase | 1 | |
| Reinforced Defenses | 1 | |
| Spiked Barricades | 1 | |
14 total
» buildings
| Altar of Storms | 1 | |
| Orc Burrow | 7 | |
| Barracks | 1 | |
| Voodoo Lounge | 1 | |
| War Mill | 1 | |
| Stronghold | 1 | |
| Beastiary | 1 | |
| Spirit Lodge | 1 | |
| Fortress | 1 | |
| Great Hall | 1 | |
16 total
» build order
00:07 Altar of Storms
00:13 Orc Burrow
00:51 Barracks
01:30 Voodoo Lounge
01:39 Orc Burrow
03:16 War Mill
04:07 Orc Burrow
04:36 Orc Burrow
04:38 Stronghold
05:30 Orc Burrow
08:20 Beastiary
08:25 Spirit Lodge
09:01 Fortress
09:08 Orc Burrow
12:53 Great Hall
18:06 Orc Burrow
» items
| Circlet of Nobility | 1 | |
| Healing Salve | 1 | |
| Scroll of Town Portal | 1 | |
| Boots of Speed | 1 | |
4 total

»
ryo (
red | 75 APM | 1582 actions | 21:10)
4 Far Seer
2 Feral Spirit
2 Chain Lighting
3 Shadow Hunter
2 Healing Wave
1 Hex
» actions
| Assign group hotkey | 30 | |
| Basic commands | 75 | |
| Build / train | 76 | |
| ESC pressed | 1 | |
| Enter build submenu | 16 | |
| Enter hero's abilities submenu | 7 | |
| Remove unit from queue | 1 | |
| Right click | 659 | |
| Select / deselect | 408 | |
| Select group hotkey | 241 | |
| Use ability | 68 | |
1582 total
» units
| Peon | 15 | |
| Grunt | 18 | |
| Troll Headhunter/Berserker | 7 | |
| Demolisher | 2 | |
| Troll Witch Doctor | 3 | |
| Shaman | 1 | |
46 total
» upgrades
| Pillage | 1 | |
| Armor | 1 | |
| Melee Weapons | 2 | |
| Berserker Strength | 1 | |
| Ranged Weapons | 2 | |
| Witch Doctor Training | 2 | |
| Troll Regeneration | 1 | |
| Berserker Upgrade | 1 | |
| Shaman Training | 2 | |
| Burning Oil | 1 | |
14 total
» buildings
| Altar of Storms | 1 | |
| Orc Burrow | 5 | |
| Barracks | 2 | |
| Voodoo Lounge | 1 | |
| War Mill | 1 | |
| Stronghold | 1 | |
| Fortress | 1 | |
| Spirit Lodge | 2 | |
| Great Hall | 1 | |
15 total
» build order
00:09 Altar of Storms
00:12 Orc Burrow
00:49 Barracks
01:27 Orc Burrow
02:20 Barracks
02:38 Voodoo Lounge
03:59 Orc Burrow
05:00 Orc Burrow
05:39 War Mill
08:12 Stronghold
10:38 Fortress
12:02 Spirit Lodge
13:24 Spirit Lodge
16:07 Great Hall
18:33 Orc Burrow
» items
| Lesser Clarity Potion | 1 | |
| Healing Salve | 1 | |
| Scroll of Town Portal | 1 | |
3 total
pandaroar (
yellow | 74 APM | 1575 actions | 21:10)
6 Priestess of the Moon
3 Trueshot Aura
2 Searing Arrows
1 Starfall
1 Keeper of the Grove
1 Entangling Roots
» actions
| Assign group hotkey | 70 | |
| Basic commands | 9 | |
| Build / train | 85 | |
| Enter build submenu | 15 | |
| Enter hero's abilities submenu | 7 | |
| Remove unit from queue | 1 | |
| Right click | 660 | |
| Select / deselect | 385 | |
| Select group hotkey | 290 | |
| Use ability | 53 | |
1575 total
» units
| Wisp | 16 | |
| Archer | 21 | |
| Druid of the Talon | 4 | |
| Druid of the Claw | 3 | |
44 total
» upgrades
| Strength of the Moon | 3 | |
| Moon Armor | 3 | |
| Improved Bows | 1 | |
| Druid of the Talon Training | 2 | |
| Druid of the Claw Training | 2 | |
| Marksmanship | 1 | |
| Mark of the Claw | 1 | |
| Mark of the Talon | 1 | |
| Well Spring | 1 | |
| Nature's Blessing | 1 | |
| Backpack | 1 | |
| Strength of the Wild | 1 | |
| Reinforced Hides | 1 | |
| Abolish Magic | 1 | |
| Hippogryph Taming | 1 | |
21 total
» buildings
| Moon Well | 4 | |
| Altar of Elders | 1 | |
| Ancient of War | 2 | |
| Hunter's Hall | 1 | |
| Tree of Ages | 1 | |
| Ancient of Wind | 1 | |
| Tree of Eternity | 1 | |
| Ancient of Lore | 1 | |
| Ancient of Wonders | 1 | |
| Tree of Life | 1 | |
| Ancient Protector | 1 | |
15 total
» build order
00:39 Moon Well
01:04 Altar of Elders
01:47 Ancient of War
02:06 Ancient of War
02:11 Moon Well
03:11 Hunter's Hall
03:17 Moon Well
04:37 Tree of Ages
05:39 Moon Well
09:03 Ancient of Wind
11:15 Tree of Eternity
11:17 Ancient of Lore
13:21 Ancient of Wonders
14:02 Tree of Life
19:02 Ancient Protector
» items
| Scroll of Town Portal | 2 | |
| Staff of Preservation | 1 | |
| Potion of Healing | 2 | |
| Anti-magic Potion | 1 | |
| Moonstone | 1 | |
7 total
team 2 (loser)
999RoCcO (
purple | 119 APM | 2340 actions | 19:35)
4 Death Knight
2 Death Coil
2 Unholy Aura
2 Lich
1 Frost Nova
1 Dark Ritual
1 Dreadlord
1 Sleep
» actions
| Assign group hotkey | 41 | |
| Basic commands | 181 | |
| Build / train | 88 | |
| ESC pressed | 1 | |
| Enter build submenu | 18 | |
| Enter hero's abilities submenu | 7 | |
| Give item / drop item | 3 | |
| Right click | 690 | |
| Select / deselect | 602 | |
| Select group hotkey | 574 | |
| Use ability | 135 | |
2340 total
» units
| Acolyte | 8 | |
| Ghoul | 3 | |
| Crypt Fiend | 19 | |
| Obsidian Statue | 3 | |
| Frost Wyrm | 1 | |
34 total
» upgrades
| Creature Attack | 1 | |
| Creature Carapace | 1 | |
| Web | 1 | |
| Destroyer Form | 1 | |
4 total
» buildings
| Crypt | 1 | |
| Graveyard | 1 | |
| Altar of Darkness | 1 | |
| Ziggurat | 5 | |
| Tomb of Relics | 1 | |
| Nerubian Tower | 4 | |
| Necropolis | 1 | |
| Halls of the Dead | 3 | |
| Black Citadel | 1 | |
| Slaughterhouse | 1 | |
| Sacrificial Pit | 1 | |
| Spirit Tower | 7 | |
| Boneyard | 1 | |
28 total
» build order
00:23 Crypt
00:27 Graveyard
00:43 Altar of Darkness
01:01 Ziggurat
01:31 Ziggurat
01:35 Tomb of Relics
02:07 Nerubian Tower
02:07 Nerubian Tower
04:03 Ziggurat
04:05 Necropolis
05:10 Nerubian Tower
05:10 Nerubian Tower
05:25 Ziggurat
06:00 Halls of the Dead
06:00 Halls of the Dead
06:00 Halls of the Dead
08:30 Black Citadel
10:28 Slaughterhouse
11:00 Sacrificial Pit
13:06 Spirit Tower
13:06 Spirit Tower
13:31 Ziggurat
14:26 Spirit Tower
14:26 Spirit Tower
14:29 Boneyard
17:04 Spirit Tower
17:04 Spirit Tower
» items
| Rod of Necromancy | 3 | |
| Sacrificial Skull | 1 | |
| Healing Salve | 1 | |
| Lesser Clarity Potion | 1 | |
| Potion of Healing | 4 | |
| Scroll of Speed | 2 | |
| Dust of Appearance | 1 | |
| Orb of Corruption | 1 | |
| Scroll of Healing | 1 | |
| Scroll of Town Portal | 2 | |
17 total

»
niGhT_BlOoDy (
green | 138 APM | 2711 actions | 19:36)
5 Mountain King
3 Storm Bolt
2 Bash
» actions
| Assign group hotkey | 44 | |
| Basic commands | 158 | |
| Build / train | 93 | |
| ESC pressed | 2 | |
| Enter build submenu | 21 | |
| Enter hero's abilities submenu | 5 | |
| Give item / drop item | 2 | |
| Right click | 1348 | |
| Select / deselect | 314 | |
| Select group hotkey | 649 | |
| Use ability | 75 | |
2711 total
» units
» upgrades
» buildings
| Altar of Kings | 2 | |
| Farm | 6 | |
| Barracks | 2 | |
| Town Hall | 2 | |
| Lumber Mill | 2 | |
| Arcane Vault | 2 | |
| Keep | 1 | |
| Castle | 1 | |
| Gryphon Aviary | 1 | |
| Scout Tower | 3 | |
| Guard Tower | 1 | |
23 total
» build order
00:06 Altar of Kings
00:20 Farm
00:25 Barracks
00:51 Farm
01:33 Farm
03:15 Town Hall
03:33 Lumber Mill
03:49 Arcane Vault
04:43 Keep
05:59 Barracks
06:05 Farm
07:51 Arcane Vault
08:03 Castle
09:43 Gryphon Aviary
10:56 Farm
14:53 Altar of Kings
15:19 Farm
15:58 Lumber Mill
16:31 Town Hall
16:35 Scout Tower
16:37 Scout Tower
16:40 Scout Tower
17:21 Guard Tower
» items
| Scroll of Regeneration | 4 | |
| Boots of Speed | 2 | |
| Dust of Appearance | 1 | |
| Potion of Healing | 3 | |
| Potion of Mana | 2 | |
| Scroll of Town Portal | 1 | |
| Healing Salve | 1 | |
| Lesser Clarity Potion | 2 | |
| Potion of Invisibility | 1 | |
| Potion of Lesser Invulnerability | 1 | |
| Staff of Teleportation | 1 | |
19 total
TeMuuLeN (
pink | 87 APM | 1839 actions | 21:10)
4 Blademaster
2 Wind Walk
2 Critical Strike
» actions
| Assign group hotkey | 20 | |
| Basic commands | 171 | |
| Build / train | 55 | |
| Enter build submenu | 9 | |
| Enter hero's abilities submenu | 4 | |
| Give item / drop item | 1 | |
| Right click | 756 | |
| Select / deselect | 389 | |
| Select group hotkey | 350 | |
| Use ability | 84 | |
1839 total
» units
| Peon | 7 | |
| Wind Rider | 16 | |
| Troll Batrider | 1 | |
24 total
» upgrades
| Armor | 2 | |
| Ranged Weapons | 2 | |
| Envenomed Spears | 1 | |
| Reinforced Defenses | 1 | |
6 total
» buildings
| Altar of Storms | 1 | |
| Orc Burrow | 4 | |
| Voodoo Lounge | 1 | |
| Stronghold | 1 | |
| War Mill | 1 | |
| Fortress | 1 | |
| Beastiary | 2 | |
11 total
» build order
00:08 Altar of Storms
00:10 Orc Burrow
01:03 Voodoo Lounge
02:14 Stronghold
02:28 Orc Burrow
02:58 War Mill
04:06 Orc Burrow
04:35 Fortress
04:40 Beastiary
04:55 Beastiary
10:25 Orc Burrow
» items
| Healing Salve | 3 | |
| Lesser Clarity Potion | 4 | |
| Scroll of Speed | 2 | |
| Orb of Lightning | 1 | |
| Potion of Healing | 6 | |
| Scroll of Town Portal | 2 | |
18 total
ph33rl3ssLEADER (
blue | 37 APM | 755 actions | 20:31)
2 Archmage
1 Summon Water Elemental
1 Brilliance Aura
» actions
| Assign group hotkey | 5 | |
| Basic commands | 2 | |
| Build / train | 45 | |
| Enter build submenu | 15 | |
| Enter hero's abilities submenu | 2 | |
| Give item / drop item | 2 | |
| Right click | 344 | |
| Select / deselect | 229 | |
| Select group hotkey | 56 | |
| Use ability | 55 | |
755 total
» units
| Peasant | 18 | |
| Footman | 9 | |
| Rifleman | 4 | |
31 total
» upgrades
» buildings
| Altar of Kings | 1 | |
| Farm | 4 | |
| Scout Tower | 5 | |
| Arcane Tower | 2 | |
| Barracks | 2 | |
| Blacksmith | 1 | |
| Lumber Mill | 1 | |
| Keep | 1 | |
| Arcane Vault | 1 | |
| Guard Tower | 2 | |
20 total
» build order
00:12 Altar of Kings
00:14 Farm
00:53 Scout Tower
01:28 Arcane Tower
01:31 Barracks
01:37 Farm
01:47 Barracks
02:31 Farm
02:35 Scout Tower
03:02 Farm
03:36 Arcane Tower
03:59 Blacksmith
04:40 Lumber Mill
05:11 Keep
05:19 Arcane Vault
06:20 Scout Tower
06:23 Scout Tower
06:24 Scout Tower
07:12 Guard Tower
10:45 Guard Tower
» items
| Periapt of Vitality | 1 | |
| Scroll of Town Portal | 3 | |
4 total
Chat log
(00:17 / All) 999RoCcO: hey gl
(00:30 / Allies) pandaroar: rush
(00:32 / Allies) pandaroar: grunts/fiends
(00:34 / Allies) pandaroar: archres
(00:39 / Allies) WesFSTGDB: yeah we have to rush
(00:42 / Allies) Elfic_KinG: good idea
(00:43 / Allies) WesFSTGDB: this won't be pretty late game
(00:45 / Allies) Elfic_KinG: i go tc
(00:45 / Allies) pandaroar: power rush
(00:49 / Allies) pandaroar: yes
(00:51 / Allies) pandaroar: dk with aura
(00:56 / Allies) pandaroar: potm true shot
(01:01 / Allies) Elfic_KinG: dk with aura? mm
(01:04 / Allies) ryo: ...
(01:07 / Allies) pandaroar: dk unholy
(01:09 / Allies) pandaroar: tc endurance
(01:13 / Allies) pandaroar: potm true shot
(01:15 / Allies) WesFSTGDB: go aura please for our range
(01:17 / Allies) pandaroar: =sure win
(01:28 / Allies) pandaroar: aura is best for mass units
(02:24 / Allies) pandaroar: buy rod
(03:00 / Allies) WesFSTGDB: tehy also mas rusing
(03:00 / Allies) pandaroar: 2 rax
(03:02 / Allies) pandaroar: they rushng too
(03:30 / Allies) WesFSTGDB: good nerc bm
(03:31 / Allies) WesFSTGDB: nerd bm
(04:17 / Allies) ryo: any1 neeed wood
(04:28 / Allies) pandaroar: the orc is teching
(04:28 / Allies) WesFSTGDB: don't go yet
(04:32 / Allies) pandaroar: i can smell it
(04:46 / Allies) Elfic_KinG: we hit???
(04:52 / Allies) WesFSTGDB: lets meet
(04:53 / Allies) pandaroar: meet
(05:27 / Allies) WesFSTGDB: fuck they massin footment
(05:36 / Allies) WesFSTGDB: orange come
(05:56 / Allies) WesFSTGDB: go hit now
(06:08 / Allies) Elfic_KinG: BLUE HERO IS DEAD
(06:10 / Allies) WesFSTGDB: dont' ru in
(06:12 / Allies) WesFSTGDB: shiop first
(06:13 / Allies) WesFSTGDB: orange come
(06:14 / Allies) ryo: mk
(07:18 / Allies) WesFSTGDB: rofl its' over
(07:21 / Allies) WesFSTGDB: look a tboe 11
(08:05 / Allies) WesFSTGDB: i got web now
(09:09 / All) pandaroar: gg
(10:02 / Allies) pandaroar: dotn chase so hard
(10:52 / Allies) WesFSTGDB: NBOW ALL NOW
(10:56 / Allies) pandaroar: ya
(11:42 / Allies) WesFSTGDB: don't run in abck
(11:43 / All) Elfic_KinG: lol pink
(12:24 / All) WesFSTGDB: i love you blue
(13:31 / Allies) WesFSTGDB: meet we finihs and pink
(13:59 / Allies) WesFSTGDB: tp to me we counter
(14:31 / Allies) WesFSTGDB: NET AND HEX
(14:53 / All) WesFSTGDB: no hero for you?
(14:54 / Allies) pandaroar: haha
(15:08 / Allies) WesFSTGDB: net
(15:23 / All) 999RoCcO: fck
(16:03 / Allies) WesFSTGDB: secong
(16:04 / Allies) WesFSTGDB: buying shit
(16:14 / Allies) Elfic_KinG: oh shit i need tp -.-
(16:26 / Allies) WesFSTGDB: go we rape purple
(17:25 / All) 999RoCcO: gg
(17:33 / Allies) Elfic_KinG: let me clear
(17:36 / Allies) Elfic_KinG: ill steal gold
(19:06 / All) ryo: lol@am
(19:13 / All) ph33rl3ssLEADER: whateves
(19:32 / All) 999RoCcO: ggggggggggg
(20:07 / All) ryo: gg
(20:17 / All) ryo: lol
(20:19 / All) TeMuuLeN: lol
(20:20 / All) TeMuuLeN: lololol
(20:21 / All) TeMuuLeN: afk
(20:22 / All) TeMuuLeN: peace
(20:31 / All) WesFSTGDB: should ahve you banned from
(20:32 / All) WesFSTGDB: vsg
(20:44 / All) TeMuuLeN: damn i just can't believe we lost to noob yellow
(20:46 / All) TeMuuLeN: rofl?
(20:52 / All) pandaroar: lol
(20:52 / All) TeMuuLeN: im not in vsg trash nigger
(20:52 / All) WesFSTGDB: yellow raped you
(21:00 / All) WesFSTGDB: yeah but you frequent the channel lol
(21:05 / All) ryo: lol@temuulen
(21:06 / All) TeMuuLeN: naw i ain't noobie
(21:09 / All) TeMuuLeN: QQ